 Dungeon Crawl Stone Soup version 0.19.5 (webtiles) character file.

75 devil0150 the Magician (level 4, 0/27 HPs)
             Began as a High Elf Wizard on Apr 10, 2017.
             Slain by an adder (5 damage)
             ... on level 3 of the Dungeon.
             The game lasted 00:07:41 (2407 turns).

devil0150 the Magician (High Elf Wizard)            Turns: 2407, Time: 00:07:41

Health: 0/27       AC:  3    Str:  6    XL:     4   Next: 11%
Magic:  2/12       EV: 13    Int: 23    God:
Gold:   34         SH:  0    Dex: 13    Spells: 5 memorised, 3 levels left

rFire  . . .     SeeInvis .     e - +0 whip
rCold  . . .     Gourm    .     a - +1 robe
rNeg   . . .     Faith    .     (no shield)
rPois  .         Spirit   .     b - +0 hat
rElec  .         Reflect  .     (no cloak)
rCorr  .         Harm     .     (no gloves)
MR     .....                    (no boots)
Stlth  ++........               (no amulet)
                                (no ring)
                                (no ring)

@: exhausted, slowed, very slow
A: no striking features
a: no special abilities


You were on level 3 of the Dungeon.
You were very hungry.

You visited 1 branch of the dungeon, and saw 3 of its levels.

You collected 34 gold pieces.

Inventory:

Hand Weapons
 e - a +0 whip (weapon)
Armour
 a - a +1 robe (worn)
 b - a +0 hat (worn)
Wands
 i - a wand of paralysis (12/24)
Scrolls
 k - a scroll of identify
Books
 c - a book of Minor Magic

   Spells                             Type                      Level
   a - Magic Dart                     Conjuration                  1
   b - Blink                          Translocation                2
   c - Call Imp                       Summoning                    2
   d - Repel Missiles                 Charms/Air                   2
   e - Slow                           Hexes                        2
   f - Conjure Flame                  Conjuration/Fire             3
   g - Mephitic Cloud                 Conjuration/Poison/Air       3
 l - a book of the Dragon

   Spells                             Type                      Level
   a - Flame Tongue                   Conjuration/Fire             1
   b - Cause Fear                     Hexes                        4
   c - Bolt of Fire                   Conjuration/Fire             6
   d - Dragon Form                    Transmutation                7
   e - Dragon's Call                  Summoning                    9
Comestibles
 d - a bread ration
 f - 3 fruits
 g - a beef jerky
 h - a slice of pizza


   Skills:
 + Level 2.4 Dodging
 + Level 2.5 Stealth
 + Level 5.2 Spellcasting
 + Level 1.8 Conjurations
 + Level 0.8 Summonings
   Level 1.1 Translocations


You had 3 spell levels left.
You knew the following spells:

 Your Spells              Type           Power        Failure   Level  Hunger
a - Magic Dart            Conj           ##..         4%          1    None
b - Flame Tongue          Conj/Fire      ##...        10%         1    None
c - Call Imp              Summ           #.......     12%         2    None
d - Mephitic Cloud        Conj/Pois/Air  #.......     24%         3    ##.....
e - Conjure Flame         Conj/Fire      ##......     21%         3    ##.....


Dungeon Overview and Level Annotations

Branches:
Dungeon (3/15)

Altars:


Message History

The orc hits you with a dagger.
* * * LOW HITPOINT WARNING * * *
The adder barely misses you. The adder closely misses you.
Okay, then.
A red film seems to cover your vision as you go berserk!
You feel yourself moving faster!
You feel mighty! The adder closely misses you.
You feel a strong urge to attack something.
You see here a scroll of identify.
You feel your anger subside.
You are no longer berserk.
You are exhausted.
You feel yourself slow down. The adder barely misses you.
The adder closely misses you. The adder bites you.
* * * LOW HITPOINT WARNING * * *
You barely miss the orc. The adder barely misses you.
The orc hits you but does no damage. The adder bites you.
You die...

#....).).#
#.######## #.#
#...# #.# #...#
#.###...####
#..........#
#............#####
#.........?...oS.#
#.....#.......##@#
#....##........o.#
#.#$###...###.####
###?# ##### #.# #.
.#. # #. #.


You could see an adder and 2 orcs.

Vanquished Creatures
  An orc wizard (D:3)
  An adder (D:2)
  2 dart slugs (D:1)
  An orc (D:3)
  A ball python (D:2)
  2 giant cockroaches
  2 hobgoblins (D:1)
  2 quokkas (D:2)
  7 bats
  4 frilled lizards
  4 goblins
  3 kobolds
  4 rats
34 creatures vanquished.

Notes
Turn   | Place    | Note
-------+----------+-------------------------------------------
     0 | D:1      | devil0150 the High Elf Wizard began the quest for the Orb.
     0 | D:1      | Reached XP level 1. HP: 11/11 MP: 6/6
   172 | D:1      | Reached skill level 4 in Spellcasting
   172 | D:1      | Reached XP level 2. HP: 6/17 MP: 1/8
  1417 | D:2      | Reached XP level 3. HP: 21/21 MP: 8/10
  2298 | D:3      | Learned a level 1 spell: Flame Tongue
  2301 | D:3      | Learned a level 2 spell: Call Imp
  2305 | D:3      | Learned a level 3 spell: Mephitic Cloud
  2309 | D:3      | Learned a level 3 spell: Conjure Flame
  2384 | D:3      | Reached skill level 5 in Spellcasting
  2384 | D:3      | Reached XP level 4. HP: 13/27 MP: 1/12
  2407 | D:3      | Slain by an adder

Skill      XL: |  1  2  3 |
---------------+----------+-----
Spellcasting   | 4 5 |  5.2
Dodging        | |  2.4
Stealth        | |  2.5
Conjurations   | |  1.8
Summonings     | |  0.8
Translocations | |  1.1

Action                   |  1- 3 |  4- 6 || total
-------------------------+-------+-------++-------
Melee: Unarmed           |     4 |       ||     4
       Whip              |       |     1 ||     1
 Cast: Magic Dart        |    78 |     2 ||    80
       Flame Tongue      |       |     1 ||     1
  Use: Scroll            |     6 |       ||     6
       Potion            |       |     1 ||     1
  Eat: Chunk             |     3 |       ||     3
Armor: Robe              |     4 |       ||     4
Dodge: Dodged            |    21 |     6 ||    27
